 Dungeon Crawl Stone Soup version 0.32-a0-886-g41c5271027 (webtiles) character file.

Game seed: 6254152566652017989

11118 PriceMaster the Zephyrmancer (level 11, -1/62 HPs)
             Began as a Tengu Air Elementalist on Apr 1, 2024.
             Was a Priest of Vehumet.
             Slain by a gargoyle
             ... wielding a +0 mace
              (7 damage)
             ... on level 10 of the Dungeon on Apr 3, 2024.
             The game lasted 00:28:43 (15262 turns).

PriceMaster the Zephyrmancer (TeAE)                Turns: 15262, Time: 00:28:44

Health: -1/62      AC:  9    Str: 13 (14) XL:     11   Next: 72%
Magic:  0/43       EV: 10    Int: 19      God:    Vehumet [***...]
Gold:   479        SH:  0    Dex: 14      Spells: 11/29 levels left

rFire   . . .        y - +4 scimitar
rCold   . . .        (no shield)
rNeg    . . .        G - +0 chain mail of Beauty {Str+4}
rPois   .            (helmet restricted)
rElec   .            (no cloak)
rCorr   .            C - +0 pair of gloves
SInv    .            (boots unavailable)
Will    +....        x - amulet of guardian spirit Stlth
                     m - ring of magical power
HPRegen 0.30/turn    B - ring of magical power
MPRegen 0.28/turn

%: acrobat, guardian spirit
@: flying
A: beak, talons 3, evasive flight, acrobatic, deterioration 1, strong-willed 1,
robust 1
a: Renounce Religion


You were on level 10 of the Dungeon.
You worshipped Vehumet.
Vehumet was most pleased with you.
You visited 1 branch of the dungeon, and saw 11 of its levels.

You collected 529 gold pieces.
You spent 50 gold pieces at shops.

Inventory:

Hand Weapons
 i - a +0 dagger
 v - a +2 vampiric dagger
 y - a +4 scimitar (weapon)
 F - a +0 scimitar of flaming
Missiles
 u - a throwing net
Armour
 a - a +2 robe
 j - a +2 animal skin
 C - a +0 pair of gloves (worn)
 G - the +0 chain mail of Beauty (worn) {Str+4}
   (You took it off an orc on level 8 of the Dungeon)

   Str+4:     It affects your strength (+4).
Jewellery
 k - a ring of see invisible
 m - a ring of magical power (left hand)
 o - a ring of protection from cold
 r - a ring of poison resistance
 x - an amulet of guardian spirit (around neck)
 B - a ring of magical power (right hand)
 H - a ring of protection from fire
Wands
 g - a wand of paralysis (3)
 l - a wand of iceblast (2)
 n - a wand of flame (25)
Scrolls
 b - a scroll of teleportation
 c - a scroll of fog
 d - a scroll of summoning
 e - 3 scrolls of identify
 q - 3 scrolls of poison
 z - a scroll of amnesia {unknown}
 A - a scroll of revelation
 E - a scroll of enchant armour
Potions
 f - 2 potions of haste {unknown}
 h - a potion of magic
 p - a potion of lignification {unknown}
 s - 2 potions of cancellation {unknown}
 t - 3 potions of attraction {unknown}
 w - a potion of ambrosia {unknown}
 D - 2 potions of might {unknown}


   Skills:
 + Level 1.9 Fighting
 + Level 0.8(1.2) Short Blades
 + Level 1.4(1.6) Long Blades
 + Level 1.2 Armour
 + Level 3.1 Dodging
 + Level 3.7 Stealth
 - Level 1.0 Unarmed Combat
 + Level 9.7 Spellcasting
 * Level 10.6 Conjurations
 * Level 6.8 Ice Magic
 + Level 12.3 Air Magic
 + Level 0.1 Evocations


You had 11 spell levels left.
You knew the following spells:

 Your Spells              Type           Power      Damage    Failure   Level
a - Shock                 Conj/Air       100%       1d9       1%          1
b - Swiftness             Air            54%        N/A       3%          3
c - Static Discharge      Conj/Air       100%       3-8/arc   1%          2
d - Airstrike             Air            27%        2d(4-20)  3%          4
e - Freezing Cloud        Conj/Ice/Air   23%        6-21      21%         5
f - Sandblast             Erth           18%        2d7       38%         1
g - Cigotuvi's Dreadful   Necr/Alch/Air  48%        N/A       43%         2

Your spell library contained the following spells:

 Spells                   Type           Power      Damage    Failure   Level
 Hailstorm                Conj/Ice       42%        3d9       4%          3
 Ignite Poison            Fire/Alch      9%         N/A       97%         4


Dungeon Overview and Level Annotations

Branches:
Dungeon (11/15)            Temple (0/1) D:5            Lair (0/5) D:8
    Orc: D:9-12

Altars:
Dithmenos
Nemelex Xobeh
Trog
Uskayaw
Vehumet
Xom

Shops:
D:3 !   D:9 (   D:10 =


Innate Abilities, Weirdness & Mutations

You have a beak for a mouth.
You have claws for feet.
Your magical flight helps you evade attacks. (EV +4)
You can magically evade attacks while moving or waiting.
Your body sometimes deteriorates upon taking damage.
You are strong-willed. (Will+)
You are robust. (+10% HP)


Message History

You are struck by an arc of lightning.
* * * LOW HITPOINT WARNING * * *
The gargoyle is struck by an arc of lightning!
The gargoyle resists.
The gargoyle is almost destroyed.
You are struck by an arc of lightning.
* * * LOW HITPOINT WARNING * * *
The gargoyle is struck by an arc of lightning.
You no longer feel sluggish.
The gargoyle closely misses you.
Casting: Static Discharge (safe; 1% risk of failure)
Confirm with . or Enter, or press ? or * to list all spells.
Aiming: Shock (safe; 1% risk of failure)
Press: ? - help, Shift-Dir - straight line, f/p - gargoyle
Aim: a gargoyle, wielding a +0 mace (almost destroyed, 88% to hit)
The zap hits the gargoyle but does no damage.
The gargoyle is almost destroyed.
The gargoyle barely misses you.
You hit the gargoyle but do no damage. Your peck misses the gargoyle.
The gargoyle is almost destroyed.
The gargoyle hurls a stone arrow at you.
The stone arrow misses you.
You hit the gargoyle but do no damage.
You claw the gargoyle, but do no damage.
The gargoyle is almost destroyed.
The gargoyle hits you with a +0 mace.
* * * LOW HITPOINT WARNING * * *
You hit the gargoyle but do no damage.
The gargoyle is almost destroyed.
The gargoyle hits you with a +0 mace!
* * * LOW HITPOINT WARNING * * *
The gargoyle barely misses you.
Casting: Shock (safe; 1% risk of failure)
Confirm with . or Enter, or press ? or * to list all spells.
Okay, then.
You hit the gargoyle but do no damage.
You peck the gargoyle, but do no damage.
The gargoyle is severely damaged.
The gargoyle hits you with a +0 mace!
You die...

## .# .# .# ########
.####################......######
).........#....#@...#...(..#....'
.)........#....9....#......#....#
[...ß.....#....#....#......#....#
..........#....#....#......#...##
....∩#....#....#....'......#...##
.....#....#....#<...#......#.....
....<.....###+###..##......#.....
..........##...##..#.......#.....
....ß##'####.......#.......#.....


You could see a gargoyle.

Vanquished Creatures
  Erica (D:8)
  A two-headed ogre (D:10)
  A death yak (D:8)
  Sonja (D:10)
  Maurice (D:9)
  A cyclops (D:7)
  A komodo dragon (D:8)
  A hornet (D:10)
  Grinder (D:5)
  A shadow (D:11)
  A wraith (D:9)
  16 yaks
  A basilisk (D:8)
  2 wyverns (D:9)
  2 water moccasins
  2 orc warriors (D:9)
  2 black bears (D:5)
  3 ice beasts
  2 sky beasts
  6 centaurs
  An ogre (D:5)
  2 phantoms
  The ghost of xianbchi the Shooter, an amateur SpHu (D:6)
  2 bullfrogs
  2 scorpions
  13 wights
  4 electric eels (D:8)
  6 howler monkeys
  2 centaur zombies (D:6)
  2 hounds
  A jelly (D:5)
  3 bombardier beetles
  2 gnoll boudas (D:6)
  7 orc priests
  Jessica (D:3)
  9 iguanas
  Ijyb (D:3)
  7 orc wizards
  A centaur simulacrum (D:6)
  Robin (D:2)
  4 adders
  11 gnolls
  A white imp (D:5)
  2 ufetubi (D:5)
  2 dart slugs
  2 ribbon worms
  22 orcs
  8 ball pythons
  A bat (D:1)
  6 endoplasms
  2 giant cockroaches
  18 goblins
  8 hobgoblins
  3 kobolds
  3 quokkas
  4 frilled lizards
  7 rats
219 creatures vanquished.

Vanquished Creatures (collateral kills)
  An ice beast (D:5)
1 creature vanquished.

Grand Total: 220 creatures vanquished

Notes
Turn   | Place    | Note
-------+----------+-------------------------------------------
     0 | D:1      | PriceMaster the Tengu Air Elementalist began the quest for
                  | the Orb.
     0 | D:1      | Reached XP level 1. HP: 10/10 MP: 4/4
   311 | D:1      | Reached XP level 2. HP: 15/15 MP: 1/6
  1030 | D:2      | Reached XP level 3. HP: 2/19 MP: 3/7
  1408 | D:2      | Learned a level 3 spell: Swiftness
  1742 | D:2      | Noticed Robin
  1787 | D:2      | Killed Robin
  1788 | D:2      | Reached skill level 5 in Air Magic
  2123 | D:2      | Learned a level 2 spell: Static Discharge
  2132 | D:2      | Reached XP level 4. HP: 24/24 MP: 6/8
  2207 | D:2      | Found a faded altar of an unknown god.
  2416 | D:3      | Noticed Jessica
  2420 | D:3      | Killed Jessica
  2666 | D:3      | Reached XP level 5. HP: 16/28 MP: 4/10
  2932 | D:3      | Noticed Ijyb
  2940 | D:3      | Killed Ijyb
  2962 | D:3      | Learned a level 4 spell: Airstrike
  3046 | D:3      | Found Zoej's Distillery.
  3056 | D:3      | Bought a potion of heal wounds for 50 gold pieces
  3422 | D:4      | Found a radiant altar of Vehumet.
  3478 | D:4      | Became a worshipper of Vehumet
  3744 | D:4      | Reached skill level 1 in Unarmed Combat
  3890 | D:4      | Found a hide-covered altar of Uskayaw.
  3904 | D:4      | Reached XP level 6. HP: 20/32 MP: 1/12
  4830 | D:5      | Entered Level 5 of the Dungeon
  4912 | D:5      | Found a staircase to the Ecumenical Temple.
  5036 | D:5      | Reached skill level 6 in Air Magic
  5179 | D:5      | Gained mutation: Your magical flight helps you evade
                  | attacks. (EV +4) [Tengu growth]
  5179 | D:5      | Reached XP level 7. HP: 26/37 MP: 1/14
  5437 | D:5      | Reached skill level 1 in Fighting
  5571 | D:5      | Reached * piety under Vehumet
  5571 | D:5      | Offered knowledge of Sandblast by Vehumet.
  5578 | D:5      | Learned a level 5 spell: Freezing Cloud
  5593 | D:5      | Reached skill level 5 in Spellcasting
  6080 | D:5      | Reached skill level 1 in Ice Magic
  6080 | D:5      | Reached skill level 7 in Air Magic
  6102 | D:5      | Reached XP level 8. HP: 34/43 MP: 0/17
  6397 | D:5      | Reached skill level 5 in Conjurations
  6550 | D:5      | Noticed Grinder
  6556 | D:5      | Killed Grinder
  6821 | D:5      | Found a shimmering altar of Xom.
  6883 | D:5      | Gained mutation: You occasionally lose the ability to read
                  | scrolls when taking damage. [potion of mutation]
  6883 | D:5      | Lost mutation: You occasionally lose the ability to read
                  | scrolls when taking damage. [potion of mutation]
  6884 | D:5      | Gained mutation: You passively dampen the noise of your
                  | surroundings. [potion of mutation]
  6884 | D:5      | Gained mutation: Your muscles are strong. (Str +4, Int/Dex
                  | -1) [potion of mutation]
  6884 | D:5      | Gained mutation: You have an increased reservoir of magic.
                  | (+10% MP) [potion of mutation]
  6942 | D:6      | Learned a level 1 spell: Sandblast
  6946 | D:6      | Reached skill level 8 in Air Magic
  7522 | D:6      | Reached XP level 9. HP: 22/47 MP: 7/21
  7663 | D:6      | Found a bloodstained altar of Trog.
  7856 | D:6      | Found a runed translucent gate.
  8018 | D:6      | Found a runed translucent gate.
  8019 | D:6      | Found a runed translucent gate.
  8020 | D:6      | Noticed xianbchi's ghost (amateur SpHu)
  8026 | D:6      | Learned a level 2 spell: Cigotuvi's Dreadful Rot
  8031 | D:6      | Killed xianbchi's ghost
  8309 | D:7      | Reached skill level 9 in Air Magic
  8664 | D:7      | Found a shadowy altar of Dithmenos.
  8823 | D:7      | Noticed a cyclops
  8831 | D:7      | Killed a cyclops
  9805 | D:8      | Noticed Erica
  9812 | D:8      | Killed Erica
  9813 | D:8      | Reached skill level 10 in Air Magic
  9813 | D:8      | Reached XP level 10. HP: 29/52 MP: 7/25
  9965 | D:8      | Found a staircase to the Lair.
  9981 | D:8      | Offered knowledge of Freeze by Vehumet.
  9983 | D:8      | Noticed a death yak
  9994 | D:8      | Identified the +0 chain mail of Beauty {Str+4}
 10243 | D:8      | Reached ** piety under Vehumet
 10290 | D:8      | Reached skill level 11 in Air Magic
 10410 | D:8      | Killed a death yak
 10411 | D:8      | Reached skill level 5 in Ice Magic
 11669 | D:9      | Reached XP level 11. HP: 51/56 MP: 22/27
 12093 | D:9      | Noticed Maurice
 12121 | D:9      | Offered knowledge of Dazzling Flash by Vehumet.
 12439 | D:9      | Upgraded the game from 0.32-a0-876-gcfddb08e57 to
                  | 0.32-a0-886-g41c5271027
 12473 | D:9      | Found Kolum's Weapon Emporium.
 12626 | D:9      | Paralysed by Maurice for 2 turns
 12629 | D:9      | Lost mutation: Your muscles are strong. (Str +4, Int/Dex
                  | -1) [potion of mutation]
 12629 | D:9      | Lost mutation: You passively dampen the noise of your
                  | surroundings. [potion of mutation]
 12629 | D:9      | Lost mutation: You have an increased reservoir of magic.
                  | (+10% MP) [potion of mutation]
 12629 | D:9      | Gained mutation: Your mind is acute. (Int +4, Str/Dex -1)
                  | [potion of mutation]
 12629 | D:9      | Gained mutation: You are strong-willed. (Will+) [potion of
                  | mutation]
 12629 | D:9      | Gained mutation: Your flesh is heat resistant. (rF+)
                  | [potion of mutation]
 12629 | D:9      | Gained mutation: You are partially covered in iridescent
                  | scales. (AC +2) [potion of mutation]
 12630 | D:9      | Lost mutation: Your flesh is heat resistant. (rF+) [potion
                  | of mutation]
 12630 | D:9      | Lost mutation: You are partially covered in iridescent
                  | scales. (AC +2) [potion of mutation]
 12630 | D:9      | Lost mutation: Your mind is acute. (Int +4, Str/Dex -1)
                  | [potion of mutation]
 12630 | D:9      | Gained mutation: Your body sometimes deteriorates upon
                  | taking damage. [potion of mutation]
 12630 | D:9      | Gained mutation: You are robust. (+10% HP) [potion of
                  | mutation]
 12643 | D:9      | Maurice stole a ring of poison resistance
 12643 | D:9      | HP: 2/61 [Maurice/+4 morningstar (2)]
 12875 | D:9      | Killed Maurice
 13449 | D:9      | Reached *** piety under Vehumet
 13849 | D:10     | Entered Level 10 of the Dungeon
 13870 | D:10     | Found Luqeoviu's Jewellery Boutique.
 13876 | D:10     | Found a flagged portal.
 13957 | D:10     | Found a sparkling altar of Nemelex Xobeh.
 13960 | D:10     | Reached skill level 10 in Conjurations
 13972 | D:10     | Reached skill level 12 in Air Magic
 13978 | D:10     | Reached skill level 1 in Long Blades
 14233 | D:10     | Paralysed by a hornet for 1 turns
 14234 | D:10     | Noticed Sonja
 14235 | D:10     | Killed Sonja
 14236 | D:10     | Reached skill level 1 in Armour
 14474 | D:10     | Offered knowledge of Hailstorm by Vehumet.
 14961 | D:10     | Noticed a two-headed ogre
 14965 | D:10     | Killed a two-headed ogre
 15222 | D:11     | Noticed a brown ugly thing
 15262 | D:10     | Slain by a gargoyle

Illustrated notes

Levels and vault maps discovered:
D:1:      minmay_arrival_diagonal_passages, layout_loops_ring, minmay_unequal
D:2:      layout_basic, ebering_ecumenical_altar_hall, minmay_bisected,
          uniq_robin
D:3:      layout_basic, serial_shops, nicolae_shop_crystal,
          chequers_serial_rivers_large_a, uniq_jessica, uniq_ijyb
D:4:      nicolae_cairo_tiling, layout_basic, eat_drink_and_be_merry_uskayaw,
          nicolae_vehumet_radiance, minmay_misc_feat_iff
D:5:      layout_basic, marbit_many_paths, minmay_temple_entry_wispy,
          uniq_grinder
D:6:      layout_rooms, kennysheep_mini, gammafunk_ghost_necromancy
D:7:      layout_gridville, grunt_dithmenos_shadows,
          ebering_dispersal_statue_hall, corexii_corridor_pit,
          chequers_serial_rivers_large_b
D:8:      layout_basic, dpeg_lair_monsters, kennysheep_boxes, uniq_erica
D:9:      layout_roguey, serial_shops, nicolae_lakefront_shop, uniq_maurice
D:10:     layout_gridville, mainiacjoe_overflow_brackets, serial_shops,
          shop_statue, enter_bailey_5, uniq_sonja
D:11:     layout_irregular_city, minmay_orc_entry_temple_small

Skill      XL: |  1  2  3  4  5  6  7  8  9 10 11 |
---------------+----------------------------------+-----
Conjurations   | 2 3 4 5 7 8 10 | 10.6
Air Magic      | 5 6 7 8 10 11 12 | 12.3
Spellcasting   | 3 4 5 6 7 8 9 |  9.7
Unarmed Combat | 1 |  1.0
Fighting       | 1 |  1.9
Ice Magic      | 1 2 4 5 6 |  6.8
Stealth        | 3 |  3.7
Dodging        | 3 |  3.1
Long Blades    | 1 |  1.4
Armour         | 1 |  1.2
Short Blades   | |  0.8
Evocations     | |  0.1

Action                     |  1- 3 |  4- 6 |  7- 9 | 10-12 || total
---------------------------+-------+-------+-------+-------++-------
  Melee: Unarmed           |     2 |       |       |       ||     2
         Dagger            |    17 |    14 |    21 |       ||    52
         Kick              |     4 |     4 |     9 |     4 ||    21
         Peck              |     4 |     4 |     6 |     5 ||    19
         Scimitar          |       |       |     5 |    16 ||    21
   Cast: Shock             |    67 |    65 |    72 |    35 ||   239
         Swiftness         |     1 |     7 |    13 |    12 ||    33
         Static Discharge  |       |     8 |    30 |    29 ||    67
         Airstrike         |       |    12 |    28 |    98 ||   138
         Freezing Cloud    |       |       |    13 |    19 ||    32
         Cigotuvi's Dreadf |       |       |       |     1 ||     1
  Evoke: Wand              |       |       |       |     5 ||     5
    Use: Potion            |     1 |     1 |     4 |     5 ||    11
         Scroll            |       |     9 |     7 |     4 ||    20
   Stab: Sleeping          |       |     1 |       |       ||     1
 Armour: Robe              |    14 |       |    50 |    17 ||    81
         Animal skin       |       |    30 |    40 |       ||    70
         Chain mail        |       |       |       |    83 ||    83
  Dodge: Dodged            |    30 |    23 |    71 |    41 ||   165

Table legend: (Time is in decaauts)
 A = Elapsed time spent in this place.
 B = Non-inter-level travel time spent in this place.
 C = Inter-level travel time spent in this place.
 D = Time resting spent in this place.
 E = Time spent auto-exploring this place.
 F = Levels seen in this place.
 G = Mean time per level.
                   A        B        C        D        E       F      G
               +--------+--------+--------+--------+--------+-----+--------+
         Total |  15270 |  14706 |    564 |   4144 |   8899 |  11 | 1388.2 |
       Dungeon |  15270 |  14706 |    564 |   4144 |   8899 |  11 | 1388.2 |
               +--------+--------+--------+--------+--------+-----+--------+

Top non-repeatable levels by time:
     D:9: 2208 daAuts
     D:5: 2097 daAuts
     D:8: 1857 daAuts
     D:7: 1620 daAuts
     D:4: 1486 daAuts
    D:10: 1401 daAuts
     D:2: 1370 daAuts
     D:6: 1234 daAuts
     D:1: 1014 daAuts
     D:3: 972 daAuts
    D:11: 7 daAuts
